 Adventure DCSS version bcrawl-1.39.1 (webtiles) character file.

Game seed: 5473294718873259785

56330 Maratek the Shield-Bearer (level 1, -1/20 HPs)
             Began as a Minotaur Fighter on Dec 1, 2022.
             Succumbed to a kobold's poison
             ... on level 3 of the Dungeon on July 14, 2023.
             The game lasted 00:01:48 (787 turns).

Maratek the Shield-Bearer (Minotaur Fighter)         Turns: 787, Time: 00:01:49

Health: -1/20      AC:  7    Str: 21    XL:     1   Next: 75%
Magic:  0/0        EV:  6    Int:  5    God:
Gold:   64         SH:  9    Dex:  9    Spells: 0/0 levels left
                                        Lives:  0   Deaths: 2

rFire    . . .     GDR:     25% a - +0 flail
rCold    . . .     SeeInvis .   c - +0 medium shield
rNeg     . . .     Gourm    .   b - +0 scale mail
rPois    .         Faith    .   (helmet restricted)
rElec    .         Spirit   .   (no cloak)
rCorr    .         Reflect  .   (no gloves)
MR       .....                  (no boots)
Stlth    ..........             (no amulet)
HPRegen  0.13/turn              (no ring)
MPRegen  0.07/turn              (no ring)

@: lethally poisoned (-1 -> -20)
A: retaliatory headbutt, horns 2
a: no special abilities


You were on level 3 of the Dungeon.
You were not hungry.

You visited 1 branch of the dungeon, and saw 3 of its levels.

You collected 64 gold pieces.

Inventory:

Hand Weapons
 a - a +0 flail (weapon)
Armour
 b - a +0 scale mail (worn)
 c - a +0 medium shield (worn)
 f - a +2 cloak
Scrolls
 g - 2 scrolls of remove curse {unknown}
 h - a scroll of blinking {unknown}
 i - a scroll of identify
 j - 2 scrolls of immolation {unknown}
Potions
 d - a potion of might
 l - a potion of haste {unknown}
 m - a potion of curing {unknown}
Comestibles
 e - 2 rations {!d}


   Skills:
 + Level 4.2 Fighting
 + Level 2.7 Maces & Flails
 + Level 4.0 Armour
 + Level 0.4 Dodging
 + Level 4.4 Shields


You couldn't memorise any spells.
You didn't know any spells.
Your spell library was empty.

Dungeon Overview and Level Annotations

Branches:
Dungeon (3/12)

Altars:


Innate Abilities, Weirdness & Mutations

You reflexively headbutt those who attack you in melee.
You have a pair of horns on your head.


Message History

You kill the quokka!
You feel sick.
The kobold shoots a poisoned needle.
The poisoned needle hits you!
You are lethally poisoned!
An orc comes into view. It is wielding a +0 club.
An orc comes into view. It is wielding a -3 hand axe.
You feel sick.
The orc shouts! x2; You hear a shout! x2
The kobold shoots a poisoned needle.
The poisoned needle barely misses you. Something hits you.
* * * LOW HITPOINT WARNING * * *
The leopard gecko bites you.
* * * LOW HITPOINT WARNING * * *
A bullfrog zombie comes into view.
* * * LOW HITPOINT WARNING * * *
You feel sick.
The kobold shoots a poisoned needle.
The poisoned needle hits you!
You are more poisoned.
You block something's attack. You block the leopard gecko's attack.
You die...

#...........#
#.#########.# #
#.#########.# .#
#.#<........# ###.# #
#.########### ....#
#.#.#######. ....#
#####.#....K....########
....#.
......l................?
......
.......@..............(.
......
........................
......
..o.o...................
......
........................
###...
.[S.Z...................
..
........................
.
.............%..........
........................
.................


You could see an adder, 2 orcs, a bullfrog zombie, a leopard gecko and a kobold.

Vanquished Creatures
  An ooze (D:3)
  2 dart slugs (D:1)
  4 leopard geckos
  2 orcs (D:3)
  A ball python (D:1)
  5 goblins
  2 hobgoblins (D:1)
  3 jackals (D:1)
  2 kobolds (D:1)
  A quokka (D:3)
  4 bats
  4 frilled lizards
  3 rats (D:1)
34 creatures vanquished.

Notes
Turn   | Place    | Note
-------+----------+-------------------------------------------
     0 | D:1      | Maratek the Minotaur Fighter began the quest for the Orb.
     0 | D:1      | Reached XP level 1. HP: 19/19 MP: 0/0
   132 | D:1      | Reached XP level 2. HP: 27/27 MP: 1/1
   462 | D:1      | Reached XP level 3. HP: 31/33 MP: 2/2
   462 | D:1      | Upgraded the game from bcrawl-1.37.2 to bcrawl-1.39.1
   736 | D:3      | HP: 1/33 [poisoned by an adder]
   737 | D:3      | Slain by a hobgoblin
   738 | D:3      | Reached XP level 2. HP: 0/27 MP: 1/1
   754 | D:3      | HP: 1/27 [poisoned by a kobold]
   755 | D:3      | Succumbed to a kobold's poison
   756 | D:3      | Reached XP level 1. HP: 0/20 MP: 0/0
   786 | D:3      | HP: 1/20 [poisoned by a kobold]
   787 | D:3      | Succumbed to a kobold's poison

Skill      XL: |  1  2 |
---------------+-------+-----
Fighting       | 4 |  4.2
Shields        | 4 |  4.4
Armour         | 4 |  4.0
Maces & Flails | |  2.7
Dodging        | |  0.4

Action                   || total
-------------------------++-------
Melee: Flail             ||    93
       Headbutt          ||    14
  Eat: Chunk             ||     2
Armor: Scale mail        ||    80
Dodge: Dodged            ||    32
Block: Medium shield     ||    83
